 Dungeon Crawl Stone Soup version 0.25.0-1-g7eea58d2a3 (webtiles) character file.

Game seed: 10164858758765881440

37 Froggeryz the Chopper (level 3, -4/46 HPs)
             Began as a Minotaur Berserker on June 13, 2020.
             Was a Follower of Trog.
             Slain by Sigmund
             ... wielding a +0 scythe
              (7 damage)
             ... on level 2 of the Dungeon.
             The game lasted 00:00:49 (509 turns).

Froggeryz the Chopper (Minotaur Berserker)           Turns: 509, Time: 00:00:49

Health: -4/46      AC:  3    Str: 22    XL:     3   Next: 21%
Magic:  2/2        EV: 12    Int:  4    God:    Trog [*.....]
Gold:   66         SH:  0    Dex:  9    Spells: 2/2 levels left

rFire    . . .     SeeInvis .   a - +0 hand axe
rCold    . . .     Gourm    .   (no shield)
rNeg     . . .     Faith    .   b - +0 animal skin
rPois    .         Spirit   .   (helmet restricted)
rElec    .         Reflect  .   d - +0 cloak (curse)
rCorr    .         Harm     .   (no gloves)
MR       .....                  (no boots)
Stlth    ..........             (no amulet)
HPRegen  0.15/turn              (no ring)
MPRegen  0.08/turn              (no ring)

@: berserking, very quick
A: retaliatory headbutt, horns 2
a: Berserk, Renounce Religion


You were on level 2 of the Dungeon.
You worshipped Trog.
Trog was aware of your devotion.
You were not hungry.

You visited 1 branch of the dungeon, and saw 2 of its levels.

You collected 66 gold pieces.

Inventory:

Hand Weapons
 a - a +0 hand axe (weapon)
Armour
 b - a +0 animal skin (worn)
 d - a cursed +0 cloak (worn)
Scrolls
 g - a scroll of remove curse {unknown}
 i - 2 scrolls of identify {unknown}
Potions
 e - 3 potions of flight {unknown}
 h - a potion of mutation {unknown}
Comestibles
 c - 3 rations
 f - 6 chunks of flesh


   Skills:
 - Level 3.6 Fighting
 * Level 5.3 Axes
 - Level 2.4 Armour
 - Level 2.1 Dodging


You had 2 spell levels left.
You didn't know any spells.
Your spell library was empty.

Dungeon Overview and Level Annotations

Branches:
Dungeon (2/15)

Altars:

Annotations:
D:2 Sigmund


Innate Abilities, Weirdness & Mutations

You reflexively headbutt those who attack you in melee.
You have a pair of horns on your head.


Message History

You kill the goblin!
Trog accepts your kill.
You hear some strange, mumbled words.
A magic dart appears from out of thin air!
The magic dart hits you. The worm bites you.
You are too injured to fight recklessly!
A red film seems to cover your vision as you go berserk!
You feel yourself moving faster!
You feel mighty!
You feel a lot more hungry.
The adder hisses angrily.
Something hits you!
* * * LOW HITPOINT WARNING * * *
The worm bites you!
* * * LOW HITPOINT WARNING * * *
You slash something! You slash the hobgoblin!
You kill the hobgoblin!
Trog accepts your kill.
You hit the worm. You completely miss something. You headbutt something!
You hit the worm. You completely miss the adder. Something hits you!
You die...

##....##
##......##
#.#........# #w
......... #.
.......# #
#.##.....## #{
#.w†......# #.
#.@.†....#
###..##{S.)....#
..S.....#.......#
####..#.##.######
#....<...# >#
#........# .
#........#
#.........#
...........#


You could see a worm and an adder.

Vanquished Creatures
  2 dart slugs (D:1)
  A leopard gecko (D:1)
  5 bats
  3 giant cockroaches
  5 goblins
  5 hobgoblins
  3 kobolds (D:1)
  2 frilled lizards (D:1)
  A rat (D:1)
27 creatures vanquished.

Notes
Turn   | Place    | Note
-------+----------+-------------------------------------------
     0 | D:1      | Froggeryz the Minotaur Berserker began the quest for the
                  | Orb.
     0 | D:1      | Reached XP level 1. HP: 19/19 MP: 0/0
    42 | D:1      | Reached skill level 4 in Axes
    70 | D:1      | Reached XP level 2. HP: 22/26 MP: 1/1
   181 | D:1      | Reached skill level 5 in Axes
   320 | D:1      | Reached XP level 3. HP: 31/31 MP: 2/2
   498 | D:2      | Noticed Sigmund
   509 | D:2      | Slain by Sigmund

Illustrated notes

Levels and vault maps discovered:
D:1:      wander_arrival_abandoned_jail, layout_rooms, serial_forest,
          infiniplex_forest_clump_double, infiniplex_forest_lined_4_way,
          infiniplex_forest_clump_small, infiniplex_forest_end_double,
          infiniplex_forest_lined_2, infiniplex_forest_end_1, nrook_mini_vaults
D:2:      layout_rooms, nicolae_overflow_hidden_temple, uniq_terence,
          uniq_sigmund

Skill      XL: |  1  2 |
---------------+-------+-----
Axes           | 4 5 |  5.3
Fighting       | |  3.6
Armour         | |  2.4
Dodging        | |  2.1

Action                   || total
-------------------------++-------
Melee: Hand axe          ||    41
       Headbutt          ||     7
Invok: Berserk           ||     1
Armor: Animal skin       ||    10
Dodge: Dodged            ||    31
